 Dungeon Crawl Stone Soup version 0.31-a0-626-g8143ab4f1d (webtiles) character file.

Game seed: 17562236477347881068

95 thirtiethelement the Ruffian (level 4, -1/32 HPs)
             Began as a Demonspawn Shapeshifter on Aug 24, 2023.
             Slain by a black bear (2 damage)
             ... on level 4 of the Dungeon.
             The game lasted 00:03:30 (1545 turns).

thirtiethelement the Ruffian (DsSh)                 Turns: 1545, Time: 00:03:31

Health: -1/32      AC:  6    Str: 17    XL:     4   Next: 39%
Magic:  4/4        EV: 11    Int: 10    God:
Gold:   67         SH:  0    Dex: 13    Spells: 3/3 levels left

rFire   . . .        t - +4 quarterstaff (chaos)
rCold   . . .        (shield currently unavailable)
rNeg    . . .        g - +0 ring mail
rPois   .            (no helmet)
rElec   .            u - +0 cloak
rCorr   .            (no gloves)
SInv    .            (no boots)
Will    +....        i - amulet of magic regeneration
Stlth   +            j - ring of willpower
HPRegen 0.25/turn    (no ring)
MPRegen 0.49/turn

%: no passive effects
@: no status effects
A: weakness stinger 1
a: no special abilities


You were on level 4 of the Dungeon.
You visited 1 branch of the dungeon, and saw 4 of its levels.

You collected 67 gold pieces.

Inventory:

Hand Weapons
 t - a +4 quarterstaff of chaos (weapon)
Armour
 g - a +0 ring mail (worn)
 u - a +0 cloak (worn)
Jewellery
 i - an amulet of magic regeneration (around neck)
 j - a ring of willpower (left hand)
Talismans
 c - a beast talisman
 d - a flux talisman
Wands
 n - a wand of flame (25)
 s - a wand of polymorph (14)
Scrolls
 a - a scroll of identify {unknown}
 h - a scroll of noise {unknown}
 l - a scroll of vulnerability {unknown}
 m - 2 scrolls of amnesia {unknown}
 p - a scroll of enchant armour {unknown}
 r - a scroll of blinking {unknown}
 v - a scroll of fog {unknown}
Potions
 b - a potion of lignification
 e - a potion of might {unknown}
 f - 3 potions of curing {unknown}
 k - 2 potions of cancellation {unknown}
 o - a potion of heal wounds {unknown}


   Skills:
 + Level 1.0 Fighting
 + Level 1.0 Armour
 + Level 2.0 Dodging
 + Level 0.1 Stealth
 + Level 3.7 Unarmed Combat
 + Level 3.4 Shapeshifting


You had 3 spell levels left.
You didn't know any spells.
Your spell library contained the following spells:

 Spells                   Type           Power      Damage    Failure   Level
 Magic Dart               Conj           0%         1d3       56%         1
 Call Imp                 Summ           0%         N/A       71%         2
 Mephitic Cloud           Conj/Pois/Air  0%         N/A       91%         3


Dungeon Overview and Level Annotations

Branches:
Dungeon (3/15)

Altars:

Shops:
D:4 =


Innate Abilities, Weirdness & Mutations

You have a small tail.


Message History

The black bear claws you.
The black bear claws you but does no damage.
The black bear bites you but does no damage.
The black bear claws you. The black bear completely misses you.
You barely miss the black bear.
The black bear is heavily wounded.
The black bear bites you. The black bear closely misses you.
The black bear claws you.
You hit the black bear.
The black bear suddenly seems more resistant.
The black bear is heavily wounded.
The black bear bites you. The black bear claws you.
The black bear barely misses you.
You sock the black bear!
The black bear is severely wounded.
The black bear goes berserk!
The black bear barely misses you. x2
The black bear closely misses you.
You thump the black bear!
The black bear is almost dead.
The black bear bites you but does no damage.
The black bear barely misses you. The black bear misses you.
The black bear bites you! The black bear claws you.
* * * LOW HITPOINT WARNING * * *
The black bear claws you.
* * * LOW HITPOINT WARNING * * *
You hit the black bear.
The black bear is almost dead.
The black bear barely misses you.
The black bear claws you but does no damage.
The black bear claws you.
* * * LOW HITPOINT WARNING * * *
The black bear barely misses you. The black bear claws you.
* * * LOW HITPOINT WARNING * * *
The black bear claws you.
* * * LOW HITPOINT WARNING * * *
You barely miss the black bear.
The black bear is almost dead.
The black bear bites you but does no damage.
The black bear claws you.
You die...

##...∩ #..#. #.#..
#.... #.##. #....
##### ######### #
.(.(..h@#
#######.#############
#.............#
#############.####
#..... ######


You could see a black bear (berserk, resistant).

Vanquished Creatures
  Crazy Yiuf (D:2)
  3 adders (D:2)
  An ufetubus (D:4)
  A worm (D:2)
  2 dart slugs (D:2)
  4 bats
  2 endoplasms (D:2)
  2 giant cockroaches
  2 goblins
  2 hobgoblins (D:1)
  4 jackals (D:2)
  A kobold (D:1)
  A ball python (D:3)
  A frilled lizard (D:1)
  2 rats (D:2)
29 creatures vanquished.

Notes
Turn   | Place    | Note
-------+----------+-------------------------------------------
     0 | D:1      | thirtiethelement the Demonspawn Shapeshifter began the
                  | quest for the Orb.
     0 | D:1      | Reached XP level 1. HP: 15/15 MP: 1/1
   436 | D:1      | Gained mutation: You have a small tail. [demonic ancestry]
   436 | D:1      | Reached XP level 2. HP: 21/21 MP: 2/2
   683 | D:2      | Reached XP level 3. HP: 17/26 MP: 3/3
  1120 | D:2      | Found a runed translucent door.
  1121 | D:2      | Noticed Crazy Yiuf
  1170 | D:2      | Killed Crazy Yiuf
  1171 | D:2      | Reached XP level 4. HP: 32/32 MP: 1/4
  1453 | D:3      | You fall into a shaft and drop 1 floor!
  1480 | D:4      | Found Xehunwe's Jewellery Emporium.
  1485 | D:4      | Reached skill level 1 in Armour
  1533 | D:4      | Noticed a black bear
  1544 | D:4      | HP: 1/32 [black bear (2)]
  1545 | D:4      | Slain by a black bear

Illustrated notes

Levels and vault maps discovered:
D:1:      minmay_arrival_open_corners, layout_loops_ring
D:2:      layout_rooms, uniq_crazy_yiuf_cottage
D:3:      layout_basic, serial_shops, nicolae_shop_gibbet_a_chance,
          hangedman_abyss_or_decor_stabs
D:4:      minmay_bubble_buster, layout_loops_ring, serial_shops,
          nicolae_shop_advertising_works [nicolae_subvault_shop_adworks],
          nrook_mini_backslash, uniq_ijyb, uniq_blork_the_orc

Skill      XL: |  1  2  3  4 |
---------------+-------------+-----
Shapeshifting  | 3 |  3.4
Unarmed Combat | 3 |  3.7
Dodging        | 2 |  2.0
Armour         | 1 |  1.0
Fighting       | |  1.0
Stealth        | |  0.1

Action                     |  1- 3 |  4- 6 || total
---------------------------+-------+-------++-------
  Melee: Unarmed           |    72 |       ||    72
         Tailslap          |     4 |       ||     4
         Punch             |     2 |       ||     2
         Quarterstaff      |       |    14 ||    14
  Throw: Javelin           |     2 |     2 ||     4
 Armour: Ring mail         |    26 |    10 ||    36
         Skin              |     3 |       ||     3
  Dodge: Dodged            |    40 |    17 ||    57
         Form:             |       |     1 ||     1

Table legend: (Time is in decaauts)
 A = Elapsed time spent in this place.
 B = Non-inter-level travel time spent in this place.
 C = Inter-level travel time spent in this place.
 D = Time resting spent in this place.
 E = Time spent auto-exploring this place.
 F = Levels seen in this place.
 G = Mean time per level.
                   A        B        C        D        E       F      G
               +--------+--------+--------+--------+--------+-----+--------+
         Total |   1532 |   1463 |     69 |    114 |   1038 |   4 |  383.0 |
       Dungeon |   1532 |   1463 |     69 |    114 |   1038 |   4 |  383.0 |
               +--------+--------+--------+--------+--------+-----+--------+

Top non-repeatable levels by time:
     D:2: 787 daAuts
     D:1: 576 daAuts
     D:4: 95 daAuts
     D:3: 72 daAuts
